 Dungeon Crawl Stone Soup version 0.22.0-6-g71bd7aa6b3 (webtiles) character file.

87 Htamos the Gusty (level 4, -4/28 HPs)
             Began as a Halfling Air Elementalist on Aug 14, 2018.
             Slain by Natasha (6 damage)
             ... on level 2 of the Dungeon.
             The game lasted 00:04:48 (2804 turns).

Htamos the Gusty (Halfling Air Elementalist)        Turns: 2804, Time: 00:04:48

Health: -4/28      AC:  3    Str:  9    XL:     4   Next: 80%
Magic:  6/6        EV: 15    Int: 14    God:
Gold:   150        SH:  0    Dex: 14    Spells: 3/6 levels left

rFire    . . .     SeeInvis .   q - +0 hunting sling
rCold    . . .     Gourm    .   (shield restricted)
rNeg     . . .     Faith    .   a - +0 robe
rPois    .         Spirit   .   (no helmet)
rElec    .         Reflect  .   o - +0 cloak (curse)
rCorr    .         Harm     .   (no gloves)
MR       .....                  (no boots)
Stlth    ++........             (no amulet)
HPRegen  0.09/turn              (no ring)
MPRegen  0.10/turn              (no ring)

@: slowed, very slow
A: small, mutation resistance 1
a: no special abilities


You were on level 2 of the Dungeon.
You were not hungry.

You visited 1 branch of the dungeon, and saw 2 of its levels.

You collected 150 gold pieces.

Inventory:

Hand Weapons
 f - a +0 short sword
 q - a +0 hunting sling (weapon)
Missiles
 j - 64 stones (quivered)
Armour
 a - a +0 robe (worn)
 n - a +0 buckler
 o - a cursed +0 cloak (worn)
Scrolls
 e - 2 scrolls of identify {unknown}
 h - 2 scrolls of blinking {unknown}
 k - a scroll of fog {unknown}
 p - a scroll of enchant armour {unknown}
 s - a scroll of random uselessness {unknown}
 t - a scroll of teleportation {unknown}
 v - a scroll of remove curse {unknown}
Potions
 b - 3 potions of berserk rage {unknown}
 d - a potion of flight {unknown}
 g - 2 potions of ambrosia {unknown}
 i - a potion of degeneration {unknown}
 l - 2 potions of agility {unknown}
 m - a potion of haste {unknown}
 u - a potion of lignification {unknown}
Comestibles
 c - 3 rations


   Skills:
 + Level 1.1 Fighting
 * Level 1.8 Slings
 + Level 0.6 Armour
 + Level 2.8 Dodging
 + Level 2.9 Stealth
 * Level 1.5 Shields
 - Level 1.7 Spellcasting
 - Level 0.7 Conjurations
 - Level 3.3 Air Magic


You had 3 spell levels left.
You knew the following spells:

 Your Spells              Type           Power        Failure   Level  Hunger
a - Shock                 Conj/Air       #...         11%         1    ##.....
b - Swiftness             Chrm/Air       #.......     19%         2    ###....

Your spell library contained the following spells:

 Spells                   Type           Power        Failure   Level  Hunger
 Lightning Bolt           Conj/Air       #.........   96%         5    ######.
 Airstrike                Air            ##........   52%         4    #####..
 Static Discharge         Conj/Air       #.......     32%         3    ####...


Dungeon Overview and Level Annotations

Branches:
Dungeon (2/15)

Altars:

Annotations:
D:2 Natasha


Innate Abilities, Weirdness & Mutations

You are small and have problems with some larger weapons.
You are somewhat resistant to further mutation.


Message History

* * * LOW HITPOINT WARNING * * *
The shadow imp misses you. Natasha misses you. Natasha claws you!
* * * LOW HITPOINT WARNING * * *
The shadow imp closely misses you.
Firing (i - inventory)
j - 66 stones (quivered)
Press: ? - help, Shift-Dir - straight line, f/p - Natasha
Aim: Natasha (moderately wounded)
You shoot a stone. The stone hits Natasha.
Natasha is heavily wounded.
Natasha closely misses you. The shadow imp closely misses you.
Natasha barely misses you. The shadow imp completely misses you.
Firing (i - inventory)
j - 65 stones (quivered)
Press: ? - help, Shift-Dir - straight line, f/p - Natasha
Aim: Natasha (heavily wounded)
You shoot a stone.
The stone hits Natasha but does no damage.
Natasha is heavily wounded.
Natasha claws you.
You die...

*,,,,,,* #.#,,,* *,****,*
#.#,*,* *,* *,*
#########.#,*,* ****,****,*
#.........#,*,* *,,,,,,**,*
#.#########**,* *,,,,,,',,*
#.#*,,,,,,,,,,*
*,,,,..######.#*,***,******
*,,,,.......5h##.####*********
*,,,,........@(..((..,,,,,,,,*
*****###########.###.,,,,,,*,*
### *,,,,..*,*,,,,,,,* ..#
*,**,*,#,*,***,*** #.#
*,**,*,*,*,* *,* #.#
*,**,*,*,*,* *,* #.#
*,**,*,,,,,* *,* #.#
*,**,***,*** *,* ..#
*,**,,,,,,,***,*


You could see Natasha and a shadow imp.

Vanquished Creatures
  Natasha (twice) (D:2)
  2 worms (D:2)
  A dart slug (D:1)
  2 giant cockroaches
  5 hobgoblins
  6 kobolds
  4 bats
  2 frilled lizards
  3 goblins
  7 rats
34 creatures vanquished.

Notes
Turn   | Place    | Note
-------+----------+-------------------------------------------
     0 | D:1      | Htamos the Halfling Air Elementalist began the quest for the Orb.
     0 | D:1      | Reached XP level 1. HP: 11/11 MP: 3/3
   323 | D:1      | Reached XP level 2. HP: 18/18 MP: 2/4
  1435 | D:2      | Reached XP level 3. HP: 22/22 MP: 3/5
  1439 | D:2      | Learned a level 2 spell: Swiftness
  2335 | D:2      | Noticed Natasha
  2339 | D:2      | Killed Natasha
  2339 | D:2      | Reached skill level 1 in Fighting
  2339 | D:2      | Reached skill level 1 in Slings
  2339 | D:2      | Reached skill level 1 in Shields
  2339 | D:2      | Reached XP level 4. HP: 25/28 MP: 6/6
  2582 | D:2      | Noticed Natasha
  2588 | D:2      | Killed Natasha
  2791 | D:2      | Noticed Natasha
  2802 | D:2      | HP: 1/28 [Natasha (10)]
  2804 | D:2      | Slain by Natasha

Skill      XL: |  1  2  3 |
---------------+----------+-----
Fighting       | 1 |  1.1
Slings         | 1 |  1.8
Shields        | 1 |  1.5
Armour         | |  0.6
Dodging        | |  2.8
Stealth        | |  2.9
Spellcasting   | |  1.7
Conjurations   | |  0.7
Air Magic      | |  3.3

Action                   |  1- 3 |  4- 6 || total
-------------------------+-------+-------++-------
Melee: Unarmed           |     3 |       ||     3
       Short sword       |    23 |       ||    23
 Fire: Hunting sling     |    46 |    18 ||    64
 Cast: Shock             |    35 |       ||    35
 Stab: Sleeping          |     1 |       ||     1
  Eat: Chunk             |     5 |     2 ||     7
Armor: Robe              |     4 |     2 ||     6
Dodge: Dodged            |    32 |    13 ||    45
